 Dungeon Crawl Stone Soup version 0.17.1-2-g5865329 (webtiles) character file.

56 ololoev the Magician (level 3, -2/19 HPs)
             Began as a Deep Elf Fire Elementalist on Jan 21, 2016.
             Slain by a centaur (7 damage)
             ... on level 5 of the Dungeon.
             The game lasted 00:03:24 (397 turns).

ololoev the Magician (Deep Elf Fire Elementalist)    Turns: 397, Time: 00:03:24

Health: -2/19      AC:  3    Str:  5    XL:     3   Next: 69%
Magic:  8/10       EV: 13    Int: 20    God:
Gold:   87         SH:  0    Dex: 15    Spells: 2 memorised, 5 levels left

rFire  . . .     SeeInvis .     n - +4 whip
rCold  . . .     Clarity  .     a - +0 robe
rNeg   . . .     SustAt   .     (no shield)
rPois  .         Gourm    .     k - +1 hat
rElec  .         Spirit   .     (no cloak)
rCorr  .         Warding  .     (no gloves)
rMut   .         Stasis   .     (no boots)
MR     .....                    (no amulet)
Stlth  ++........               (no ring)
                                (no ring)

@: not resistant to hostile enchantments, unstealthy
A: no striking features
a: no special abilities

Inventory:

Hand Weapons
 n - a +4 whip (weapon)
Armour
 a - a +0 robe (worn)
 k - a +1 hat (worn)
Wands
 i - a wand of polymorph (13)
Scrolls
 e - 2 scrolls of immolation {unknown}
 f - 2 scrolls of remove curse {unknown}
 l - a scroll of teleportation {unknown}
Potions
 d - a potion of heal wounds {unknown}
 g - a potion of poison {unknown}
 h - a potion of curing {unknown}
 j - a potion of ambrosia {unknown}
 m - a potion of invisibility {unknown}
Books
 b - a book of Flames

   Spells                             Type                      Level
   a - Flame Tongue                   Conjuration/Fire             1
   b - Throw Flame                    Conjuration/Fire             2
   c - Conjure Flame                  Conjuration/Fire             3
   d - Inner Flame                    Hexes/Fire                   3
   e - Sticky Flame                   Conjuration/Fire             4
   f - Fireball                       Conjuration/Fire             5
Comestibles
 c - 2 bread rations


   Skills:
 - Level 2.4 Dodging
 - Level 2.4 Stealth
 + Level 3.8 Spellcasting
 * Level 2.9 Conjurations
 + Level 3.7 Fire Magic


You had 5 spell levels left.
You knew the following spells:

 Your Spells              Type           Power        Failure   Level  Hunger
a - Flame Tongue          Conj/Fire      ###..        3%          1    None
b - Conjure Flame         Conj/Fire      ###.....     12%         3    ###....


You were on level 5 of the Dungeon.
You were not hungry.

You visited 1 branch of the dungeon, and saw 5 of its levels.

You collected 87 gold pieces.

..#.# .
...######.. ..
###.........##..
#.<.....<.......
#........# #...#
###....#.##..#.#
###....#.#?...$.
#......(......S#
#%#....#@...#..
...#.....c?..#
##.#..............
...%...#..##....#
#$.##.....## .l..#
.# #...### ...#
#.... .## .... .#

Notes
Turn   | Place    | Note
--------------------------------------------------------------
     0 | D:1      | ololoev the Deep Elf Fire Elementalist began the quest for the Orb.
     0 | D:1      | Reached XP level 1. HP: 10/10 MP: 6/6
    62 | D:2      | Noticed Terence
    79 | D:2      | Killed Terence
    79 | D:2      | Reached XP level 2. HP: 9/15 MP: 0/8
    79 | D:2      | Reached XP level 3. HP: 11/19 MP: 0/10
   139 | D:2      | Found a snail-covered altar of Cheibriados.
   358 | D:4      | Learned a level 3 spell: Conjure Flame
   376 | D:4      | Noticed a phantom
   380 | D:4      | Found Dirphugyu's Book Shoppe.
   391 | D:5      | Entered Level 5 of the Dungeon
   396 | D:5      | Noticed a centaur
   397 | D:5      | Slain by a centaur

Dungeon Overview and Level Annotations

Branches:
Dungeon (5/15)
 Temple: D:4-7

Altars:
Cheibriados

Shops:
D:4 :


Message History

The flame tongue hits the orc.
The orc is moderately wounded.
The orc closely misses you.
Casting: Flame Tongue
Confirm with . or Enter, or press ? or * to list all spells.
Aiming: Flame Tongue
Press: ? - help, Shift-Dir - straight line, f/p - orc
Aim: an orc, wielding a club (moderately wounded)
The flame tongue hits the orc.
You kill the orc!
Things that are here:
a trident; a scale mail
There is a stone staircase leading down here.
Found an escape hatch in the ceiling.
A phantom comes into view.
You open the door.
Found Dirphugyu's Book Shoppe.
There is an open door here.
There is an entrance to Dirphugyu's Book Shoppe here.
There is an open door here.
There is a stone staircase leading down here.
You climb downwards.
Found a scroll labeled YNKUSA HOS HIRGH.
Found a stone staircase leading up.
There is a stone staircase leading up here.
Found a meat ration.
Found a slice of pizza and 12 gold pieces.
A giant newt comes into view.
Found a scroll labeled CEAD LOJ USUI.
A centaur comes into view.
The centaur shouts!
You hear a shout!
You hear a bark!
You hear a bark!
You hear a shout!
You hear a bark!
You hear a shout!
You hear a shout!
The centaur wields a shortbow.
The centaur shoots an arrow.
The arrow hits you.
Found 15 gold pieces.
You see here an arrow.
An adder and a jackal come into view.
The jackal moves out of view.
The centaur unwields an uncursed shortbow.
The centaur hits you!
You die...

You could see a centaur, an adder and a giant newt.

Vanquished Creatures
  Terence (D:2)
  A hound skeleton (D:4)
  2 orcs (D:4)
  2 hobgoblins
  3 kobolds
  3 bats
  A giant cockroach (D:2)
  A giant newt (D:3)
  3 goblins (D:1)
  A rat (D:1)
18 creatures vanquished.

Action                   || total
-------------------------++-------
Melee: Unarmed           ||    15
       Whip              ||     8
       Dagger            ||     2
 Cast: Flame Tongue      ||    21
 Stab: Sleeping          ||     2

Vault maps used:
D:1:      dpeg_arrival_round_a
D:2:      cheibriados_altar_1, uniq_jessica, uniq_terence
D:3:      lemuel_crystal_altar, first_bread, uniq_sigmund
D:4:      serial_shops, kennysheep_mini_moat
D:5:      good_gods_mini_temple
